AoeStats
← F1Re

Arabian Desert

510326889Analyzed
1v1 RM · 3d ago on Sep 30, 2026· 28m 3s· 2 players
Game mode
Random Map
Map size
Tiny (2 player)
Population
200
Speed
Normal
Resources
Standard
Victory
Conquest
Starting age
Dark Age
Ending age
Imperial Age
RankedLock teamsTeams togetherTeam positionsShared explorationLock speedFull tech treeHidden civsTurbo modeCheats
Victory
Defeat
🇧🇷 Saracens · Brazil
2534
+22
🇧🇪 Aztecs · Belgium
2675
-22
F1Re
5:55 Loom
8:21 Feudal Age
9:00 Double-Bit Axe
13:47 Fletching
14:45 Padded Archer Armor
14:56 Horse Collar
22:00 Castle Age
22:03 Crossbowman
22:39 Bodkin Arrow
22:58 Bow Saw
23:16 Town Watch
24:24 Ballistics
24:16 Elite Skirmisher
25:32 Leather Archer Armor
RoR | Thofou05
5:37 Loom
8:22 Feudal Age
9:17 Double-Bit Axe
13:03 Fletching
14:31 Town Watch
17:29 Padded Archer Armor
22:26 Castle Age
22:18 Gold Mining
22:28 Horse Collar
22:30 Crossbowman
22:30 Elite Skirmisher
23:08 Bodkin Arrow
22:45 Elite Skirmisher
25:16 Bow Saw
Connection lost

Rejoining the realm…

Still unreachable

The connection could not be restored.

Session expired

The server has moved on; the page needs a fresh start.